Workbook
Name imagem: INDEX([1]MUNICÍPIOS!$C$1:$C$114,'[1]Correspondencia Brasões'!$B$3)

Sheet BDI
B2: ORÇAMENTO
B3: BDI
B4: BASE ORÇAMENTÁRIA - SICRO ABRIL 2026 / SINAPI JUNHO 2026
B5: Revisão 01
A7: CLIENTE: Município de Benedito Novo
A8: OBRA: Estrada Geral da Liberdade
A9: LOCAL: Benedito Novo/SC
A10: TRECHO: 0+0,00 - 80+0,00
A12: TIPO DE OBRA | B12: 2 | C12: =VLOOKUP(B12,B15:F20,2) -> Construção de Ferrovias e Rodovias | E12: BDI: | F12: =B38 -> 0.21914398
A15: TIPOS DE OBRA | B15: 1 | C15: Construção de Edifícios
B16: 2 | C16: Construção de Ferrovias e Rodovias
B17: 3 | C17: Construção de Redes de Abastecimento de água, Coleta de esgoto e Construções correlatas
B18: 4 | C18: Construção e manutenção de Estações e Redes de distribuição de Energia elétrica
B19: 5 | C19: Obras Portuárias, Marítimas e Fluviais
B20: 6 | C20: Fornecimento de Materiais e Equipamentos
A23: IMPOSTOS
A24: ISS* | B24: 0.03
A25: PIS | B25: 0.0065
A26: COFINS | B26: 0.03
A27: TOTAL | B27: =SUM(B24:B26) -> 0.0665
A30: PARCELA DO BDI | B30: TAXA | C30: SITUAÇÃO | D30: INTERVALO ADMISSÍVEL
D31: 1º Quartil | E31: Médio | F31: 3º Quartil
A32: Administração Central (AC) | B32: 0.04 | C32: =IF(AND(B32>=D32,B32<=F32),"OK!","Observar intervalo admissível!") -> OK! | D32: 0.038 | E32: 0.0401 | F32: 0.0467
A33: Seguro e Garantia (S, G) | B33: 0.004 | C33: =IF(AND(B33>=D33,B33<=F33),"OK!","Observar intervalo admissível!") -> OK! | D33: 0.0032 | E33: 0.004 | F33: 0.0074
A34: Risco (R) | B34: 0.005 | C34: =IF(AND(B34>=D34,B34<=F34),"OK!","Observar intervalo admissível!") -> OK! | D34: 0.005 | E34: 0.0056 | F34: 0.0097
A35: Despesas Financeiras (DF) | B35: 0.0111 | C35: =IF(AND(B35>=D35,B35<=F35),"OK!","Observar intervalo admissível!") -> OK! | D35: 0.0102 | E35: 0.0111 | F35: 0.0121
A36: Lucro (L) | B36: 0.073 | C36: =IF(AND(B36>=D36,B36<=F36),"OK!","Observar intervalo admissível!") -> OK! | D36: 0.0664 | E36: 0.073 | F36: 0.0869
A37: PIS, COFINS E ISS | B37: =B27 -> 0.0665 | D37: 0.0665
A38: BDI SEM DESONERAÇÃO | B38: =(((1+B32+B33+B34)*(1+B35)*(1+B36)/(1-B37)))-1 -> 0.21914398 | C38: =IF(AND(B38>=D38,B38<=F38),"OK!","Corrigir parcelas") -> OK! | D38: 0.196 | E38: 0.2097 | F38: 0.2423
A42: Declaramos que esta planilha foi elaborada conforme equação para cálculo do percentual do BDI recomendada pelo Acórdão 2622/2013 - TCU, representada pela fórmula abaixo:
A45: BDI= (1 + AC + S + R + G) (1 + DF) (1 + L) - 1
A46: (1 - I)
B48: AC - taxa de administração central
B49: S - taxa de seguros
B50: R - taxa de riscos
A51: LEGENDA | B51: G - taxa de garantias
B52: DF - taxa de despesas financeiras
B53: L - taxa de lucro/remuneração
B54: I - taxa de incidência de impostos (PIS, COFINS, ISS, CPRB)

Sheet BDI DIF
B2: ORÇAMENTO
B3: BDI
B4: BASE ORÇAMENTÁRIA - SICRO ABRIL 2026 / SINAPI JUNHO 2026
B5: Revisão 01
A7: CLIENTE: Município de Benedito Novo
A8: OBRA: Estrada Geral da Liberdade
A9: LOCAL: Benedito Novo/SC
A10: TRECHO: 0+0,00 - 80+0,00
A12: TIPO DE OBRA | B12: 6 | C12: =VLOOKUP(B12,B15:F20,2) -> Fornecimento de Materiais e Equipamentos | E12: BDI: | F12: =B38 -> 0.14996186
A15: TIPOS DE OBRA | B15: 1 | C15: Construção de Edifícios
B16: 2 | C16: Construção de Ferrovias e Rodovias
B17: 3 | C17: Construção de Redes de Abastecimento de água, Coleta de esgoto e Construções correlatas
B18: 4 | C18: Construção e manutenção de Estações e Redes de distribuição de Energia elétrica
B19: 5 | C19: Obras Portuárias, Marítimas e Fluviais
B20: 6 | C20: Fornecimento de Materiais e Equipamentos
A23: IMPOSTOS
A24: ISS* | B24: 0.03
A25: PIS | B25: 0.0065
A26: COFINS | B26: 0.03
A27: TOTAL | B27: =SUM(B24:B26) -> 0.0665
A30: PARCELA DO BDI | B30: TAXA | C30: SITUAÇÃO | D30: INTERVALO ADMISSÍVEL
D31: 1º Quartil | E31: Médio | F31: 3º Quartil
A32: Administração Central (AC) | B32: 0.015 | C32: =IF(AND(B32>=D32,B32<=F32),"OK!","Observar intervalo admissível!") -> OK! | D32: 0.015 | E32: 0.0345 | F32: 0.0449
A33: Seguro e Garantia (S, G) | B33: 0.003 | C33: =IF(AND(B33>=D33,B33<=F33),"OK!","Observar intervalo admissível!") -> OK! | D33: 0.003 | E33: 0.0048 | F33: 0.0082
A34: Risco (R) | B34: 0.0056 | C34: =IF(AND(B34>=D34,B34<=F34),"OK!","Observar intervalo admissível!") -> OK! | D34: 0.0056 | E34: 0.0085 | F34: 0.0089
A35: Despesas Financeiras (DF) | B35: 0.0085 | C35: =IF(AND(B35>=D35,B35<=F35),"OK!","Observar intervalo admissível!") -> OK! | D35: 0.0085 | E35: 0.0085 | F35: 0.0111
A36: Lucro (L) | B36: 0.0399 | C36: =IF(AND(B36>=D36,B36<=F36),"OK!","Observar intervalo admissível!") -> OK! | D36: 0.035 | E36: 0.0511 | F36: 0.0622
A37: PIS, COFINS E ISS | B37: =B27 -> 0.0665 | D37: =B27 -> 0.0665
A38: BDI SEM DESONERAÇÃO | B38: =(((1+B32+B33+B34)*(1+B35)*(1+B36)/(1-B37)))-1 -> 0.14996186 | C38: =IF(AND(B38>=D38,B38<=F38),"OK!","Corrigir parcelas") -> OK! | D38: 0.111 | E38: 0.1402 | F38: 0.168
A42: Declaramos que esta planilha foi elaborada conforme equação para cálculo do percentual do BDI recomendada pelo Acórdão 2622/2013 - TCU, representada pela fórmula abaixo:
A45: BDI= (1 + AC + S + R + G) (1 + DF) (1 + L) - 1
A46: (1 - I)
B48: AC - taxa de administração central
B49: S - taxa de seguros
B50: R - taxa de riscos
A51: LEGENDA | B51: G - taxa de garantias
B52: DF - taxa de despesas financeiras
B53: L - taxa de lucro/remuneração
B54: I - taxa de incidência de impostos (PIS, COFINS, ISS, CPRB)

Sheet COMPOSIÇÃO
A2: Obra: Estrada Geral da Liberdade
A3: Trecho: 0+0,00 - 80+0,00
A4: Cliente: Município de Benedito Novo
A5: BDI Padrão: 21,91%
A6: BDI Diferenciado: 15% | E6: Composições Analíticas com Preço unitário
A7: Bancos: SICRO3: SC 4/2026 SINAPI: SC 6/2026 | E7: Revisão 01
E9: Composições Principais - Com BDI
B11: Tipo | C11: Banco | D11: Código | E11: Descrição | F11: Classe/Tipo | H11: Unidade | I11: Quantidade | J11: Preço c/ BDI | K11: Total
A12: 1.1 | B12: Composição | C12: Próprio | D12: 732 | E12: Placa de obra | F12: CANTEIRO DE OBRAS | H12: M² | I12: 1 | J12: 93.61 | K12: 93.61
B13: Insumo | C13: SISTEMA | D13: 961 | E13: SERVENTE DE OBRAS | F13: Mão de Obra | H13: HORAS | I13: 0.65 | J13: 6.13 | K13: 3.98
B14: Insumo | C14: SISTEMA | D14: 962 | E14: CARPINTEIRO | F14: Mão de Obra | H14: HORAS | I14: 0.65 | J14: 10.38 | K14: 6.74
B15: Insumo | C15: SISTEMA | D15: 963 | E15: Pontalete de louro rosa de 3"x3 | F15: Material | H15: M | I15: 3 | J15: 7.31 | K15: 21.93
B16: Insumo | C16: SISTEMA | D16: 964 | E16: Placa de Obra | F16: Material | H16: M² | I16: 1 | J16: 60.95 | K16: 60.95
B18: Tipo | C18: Banco | D18: Código | E18: Descrição | F18: Classe/Tipo | H18: Unidade | I18: Quantidade | J18: Preço c/ BDI | K18: Total
A19: 1.2 | B19: Composição | C19: Próprio | D19: 831 | E19: ADMINISTRAÇÃO LOCAL | H19: MÊS | I19: 1 | J19: 16603.36 | K19: 16603.36
B20: Insumo | C20: SICRO | D20: P9949 | E20: Topógrafo | F20: Mão de Obra | H20: mês | I20: 0.17 | J20: 8925.3347 | K20: 1517.3
B21: Insumo | C21: SICRO | D21: P9950 | E21: Auxiliar de topografia | F21: Mão de Obra | H21: mês | I21: 0.17 | J21: 6298.9473 | K21: 1070.82
B22: Insumo | C22: SICRO | D22: P9812 | E22: Engenheiro | F22: Mão de Obra | H22: mês | I22: 0.25 | J22: 37499.826 | K22: 9374.95
B23: Insumo | C23: SICRO | D23: P9858 | E23: Laboratorista | F23: Mão de Obra | H23: mês | I23: 0.15 | J23: 8955.9147 | K23: 1343.38
B24: Insumo | C24: SICRO | D24: P9833 | E24: Auxiliar de laboratório | F24: Mão de Obra | H24: mês | I24: 0.15 | J24: 6749.9647 | K24: 1012.49
B25: Insumo | C25: Próprio | D25: 13 | E25: Laboratório de Solos | F25: Equipamento | H25: mês | I25: 0.2 | J25: 4216.69 | K25: 843.33
B26: Insumo | C26: Próprio | D26: 14 | E26: Laboratório de Asfalto | F26: Equipamento | H26: mês | I26: 0.2 | J26: 7205.41 | K26: 1441.08
B28: Tipo | C28: Banco | D28: Código | E28: Descrição | F28: Classe/Tipo | H28: Unidade | I28: Quantidade | J28: Preço c/ BDI | K28: Total
A29: 1.3 | B29: Composição | C29: Próprio | D29: 85341 | E29: CANTEIRO DE OBRAS | F29: CANTEIRO DE OBRAS | H29: Mês | I29: 1 | J29: 3377.89 | K29: 3377.89
B30: Insumo | C30: SICRO | D30: M0041 | E30: Container de 1 TEU com 2 banheiros | F30: Material | H30: un | I30: 0.014 | J30: 107709.31 | K30: 1507.93
B31: Insumo | C31: SICRO | D31: M0057 | E31: Container de 1 TEU duplo (6,0 m x 4,88 m) com janela | F31: Material | H31: un | I31: 0.014 | J31: 133569.11 | K31: 1869.96
B33: Tipo | C33: Banco | D33: Código | E33: Descrição | F33: Classe/Tipo | H33: Unidade | I33: Quantidade | J33: Preço c/ BDI | K33: Total
A34: 2.1 | B34: Composição | C34: Próprio | D34: 85340 | E34: Mobilização e desmobilização | F34: CANTEIRO DE OBRAS | H34: un | I34: 1 | J34: 6384.18 | K34: 6384.18
B35: Composição Auxiliar | C35: SICRO | D35: 5915327 | E35: Transporte em cavalo mecânico com dolly de 4 eixos com capacidade de 57 t - rodovia pavimentada | H35: km | I35: 80 | J35: 73.12 | K35: 5849.6
B36: Composição Auxiliar | C36: SICRO | D36: 5901638 | E36: Transporte com caminhão basculante com caçamba estanque com capacidade de 14 m³ - rodovia em revestimento primário | H36: tkm | I36: 80 | J36: 1.02 | K36: 81.6
B37: Composição Auxiliar | C37: SICRO | D37: 5915468 | E37: Transporte de água com caminhão tanque de 10.000 l - rodovia pavimentada | F37: SICRO3 - CLASSE SICRO3 | H37: tkm | I37: 120 | J37: 1.95 | K37: 234
B38: Composição Auxiliar | C38: SICRO | D38: 5915012 | E38: Transporte com caminhão carroceria com capacidade de 11 t e com guindauto de 45 t.m - rodovia em leito natural | F38: SICRO3 - CLASSE SICRO3 | H38: tkm | I38: 80 | J38: 2.73 | K38: 218.4
B40: Tipo | C40: Banco | D40: Código | E40: Descrição | F40: Classe/Tipo | H40: Unidade | I40: Quantidade | J40: Preço c/ BDI | K40: Total
A41: 5.2 | B41: Composição | C41: Próprio | D41: 85338 | E41: TRANSPOSIÇÃO DE SARJETA | F41: ASSENTAMENTO DE TUBOS E PECAS | H41: M | I41: 1 | J41: 476.07 | K41: 476.07
B42: Insumo | C42: SICRO | D42: M2163 | E42: Tubo de concreto armado CA 1 - D = 0,40 m | F42: Material | H42: m | I42: 1 | J42: 188.7674 | K42: 188.76
B43: Insumo | C43: SINAPI | D43: 1524 | E43: CONCRETO USINADO BOMBEAVEL, CLASSE DE RESISTENCIA C20, BRITA 0 E 1, SLUMP = 100 +/- 20 MM, COM BOMBEAMENTO (DISPONIBILIZACAO DE BOMBA), SEM O LANCAMENTO (NBR 8953) | F43: Material | H43: M3 | I43: 0.35 | J43: 810.53 | K43: 283.68
B44: Composição Auxiliar | C44: SINAPI | D44: 102279 | E44: ESCAVAÇÃO MECANIZADA DE VALA COM PROF. ATÉ 1,5 M (MÉDIA MONTANTE E JUSANTE/UMA COMPOSIÇÃO POR TRECHO), ESCAVADEIRA (0,8 M3),LARG. MENOR QUE 1,5 M, EM SOLO DE 1A CATEGORIA, LOCAIS COM BAIXO NÍVEL DE INTERFERÊNCIA. AF_09/2024 | F44: MOVT - MOVIMENTO DE TERRA | H44: M3 | I44: 0.4 | J44: 9.05 | K44: 3.62
B46: Tipo | C46: Banco | D46: Código | E46: Descrição | F46: Classe/Tipo | H46: Unidade | I46: Quantidade | J46: Preço c/ BDI | K46: Total
A47: 6.3 | B47: Composição | C47: Próprio | D47: 85339 | E47: Tubo de PEAD corrugado, DN 100 mm, para drenagem. | F47: ASSENTAMENTO DE TUBOS E PECAS | H47: m | I47: 1 | J47: 26.28 | K47: 26.28
B48: Insumo | C48: SICRO | D48: P9821 | E48: Pedreiro | F48: Mão de Obra | H48: h | I48: 0.0148 | J48: 40.7071 | K48: 0.6
B49: Insumo | C49: SICRO | D49: P9824 | E49: Servente | F49: Mão de Obra | H49: h | I49: 0.0049 | J49: 30.8493 | K49: 0.15
B50: Insumo | C50: SICRO | D50: M2160 | E50: Tubo de PEAD corrugado perfurado - D = 100 mm | F50: Material | H50: m | I50: 1.003 | J50: 25.4594 | K50: 25.53

Sheet SINTÉTICO
A2: Obra: Estrada Geral da Liberdade
A3: Trecho: 0+0,00 - 80+0,00
A4: Cliente: Município de Benedito Novo | E4: Planilha Sintética
A5: BDI Padrão: 21,91% | E5: Revisão 01
A6: BDI Diferenciado: 15%
A7: Bancos: SICRO3: SC 4/2026 SINAPI: SC 6/2026
A9: Item | B9: Tipo | C9: Banco | D9: Código | E9: Descrição | F9: Un. | G9: Qtd. | H9: Preço Unit | I9: BDI | J9: Preço com BDI | K9: Total sem BDI | L9: Total
A10: 1 | E10: Serviços Preliminares | L10: 100175.84
A11: 1.1 | B11: Composição | C11: SISTEMA | D11: 732 | E11: Placa de obra | F11: M² | G11: 2.88 | H11: 76.79 | I11: 0.2191 | J11: 93.61 | K11: 221.15 | L11: 269.59
A12: 1.2 | B12: Composição | C12: SISTEMA | D12: 831 | E12: ADMINISTRAÇÃO LOCAL | F12: MÊS | G12: 5 | H12: 13619.36 | I12: 0.2191 | J12: 16603.36 | K12: 68096.8 | L12: 83016.8
A13: 1.3 | B13: Composição | C13: Próprio | D13: 85341 | E13: CANTEIRO DE OBRAS | F13: Mês | G13: 5 | H13: 2770.81 | I13: 0.2191 | J13: 3377.89 | K13: 13854.05 | L13: 16889.45
A14: 2 | E14: MOBILIZAÇÃO E DESMOBILIZAÇÃO | L14: 6384.18
A15: 2.1 | B15: Composição | C15: Próprio | D15: 85340 | E15: Mobilização e desmobilização | F15: un | G15: 1 | H15: 5236.8 | I15: 0.2191 | J15: 6384.18 | K15: 5236.8 | L15: 6384.18
A16: 3 | E16: Terraplenagem | L16: 802786.49
A17: 3.1 | B17: Composição | C17: SICRO | D17: 5502978 | E17: Compactação de aterros a 100% do Proctor normal | F17: m³ | G17: 3274.92 | H17: 6.37 | I17: 0.2191 | J17: 7.76 | K17: 20861.24 | L17: 25413.37
A18: 3.2 | B18: Composição | C18: SICRO | D18: 5502590 | E18: Escavação, carga e transporte de material de 2ª categoria - DMT de 1.000 a 1.200 m - caminho de serviço em leito natural - com escavadeira e caminhão basculante de 14 m³ | F18: m³ | G18: 3450.8 | H18: 13.31 | I18: 0.2191 | J18: 16.22 | K18: 45930.14 | L18: 55971.97
A19: 3.3 | B19: Composição | C19: SICRO | D19: 5503041 | E19: Compactação de aterros a 100% do Proctor intermediário | F19: m³ | G19: 4952.44 | H19: 7.37 | I19: 0.2191 | J19: 8.98 | K19: 36499.48 | L19: 44472.91
A20: 3.4 | B20: Insumo | C20: SINAPI | D20: 6081 | E20: ARGILA OU BARRO PARA ATERRO/REATERRO (COM TRANSPORTE ATE 10 KM) | F20: M3 | G20: 2801.64 | H20: 55.84 | I20: 0.2191 | J20: 64.21 | K20: 156443.57 | L20: 179893.3
A21: 3.5 | B21: Composição | C21: SICRO | D21: 5915407 | E21: Carga, manobra e descarga de agregados ou solos em caminhão basculante de 10 m³ - carga com carregadeira de 3,40 m³ e descarga livre | F21: t | G21: 5437.15 | H21: 3.29 | I21: 0.2191 | J21: 4.01 | K21: 17888.22 | L21: 21802.97
A22: 3.6 | B22: Composição | C22: SINAPI | D22: 102354 | E22: DESMONTE DE MATERIAL DE 3ª CATEGORIA (BLOCOS DE ROCHAS OU MATACOS), COM MARTELETE PNEUMÁTICO MANUAL - EXCLUSIVE CARGA E TRANSPORTE. AF_03/2021 | F22: M3 | G22: 2110.11 | H22: 177.63 | I22: 0.2191 | J22: 216.54 | K22: 374818.83 | L22: 456923.21
A23: 3.7 | B23: Composição | C23: SICRO | D23: 5901639 | E23: Transporte com caminhão basculante com caçamba estanque com capacidade de 14 m³ - rodovia em leito natural | F23: tkm | G23: 5437.15 | H23: 1.04 | I23: 0.2191 | J23: 1.26 | K23: 5654.63 | L23: 6850.809
A24: 3.8 | B24: Composição | C24: SICRO | D24: 4413942 | E24: Espalhamento de material em bota-fora | F24: m³ | G24: 3410.11 | H24: 2.76 | I24: 0.2191 | J24: 3.36 | K24: 9411.9 | L24: 11457.96
A25: 4 | E25: Proteção de Taludes | L25: 164275.46
A26: 4.1 | B26: Composição | C26: SICRO | D26: 2003273 | E26: Sarjeta triangular de concreto - STC 150-32 - escavação mecânica - areia e brita comerciais | F26: m | G26: 421 | H26: 88.49 | I26: 0.2191 | J26: 107.87 | K26: 37254.29 | L26: 45413.27
A27: 4.2 | B27: Composição | C27: SICRO | D27: 2003171 | E27: Descida d'água de cortes em degraus - DCD 40-40 - areia e brita comerciais | F27: m | G27: 122 | H27: 622.97 | I27: 0.2191 | J27: 759.46 | K27: 76002.34 | L27: 92654.12
A28: 4.3 | B28: Composição | C28: SICRO | D28: 2003201 | E28: Dissipador de energia - DED 01 B - areia e brita comerciais | F28: un | G28: 11 | H28: 680.27 | I28: 0.2191 | J28: 829.31 | K28: 7482.97 | L28: 9122.41
A29: 4.4 | B29: Composição | C29: SICRO | D29: 4413905 | E29: Hidrossemeadura | F29: m² | G29: 2106.74 | H29: 6.66 | I29: 0.2191 | J29: 8.11 | K29: 14030.88 | L29: 17085.66
A30: 5 | E30: Drenagem | L30: 446576.21
A31: 5.1 | B31: Composição | C31: SICRO | D31: 2003345 | E31: Sarjeta trapezoidal de concreto - SZC 60-20 - escavação mecânica - areia e brita comerciais | F31: m | G31: 1463.82 | H31: 59.13 | I31: 0.2191 | J31: 72.08 | K31: 86555.67 | L31: 105512.14
A32: 5.2 | B32: Composição | C32: Próprio | D32: 85338 | E32: TRANSPOSIÇÃO DE SARJETA | F32: M | G32: 106.97 | H32: 390.51 | I32: 0.2191 | J32: 476.07 | K32: 41772.85 | L32: 50925.208
A33: 5.3 | B33: Composição | C33: SICRO | D33: 2003477 | E33: Caixa coletora de sarjeta - CCS 200-60 A - com grelha de concreto - areia e brita comerciais | F33: un | G33: 11 | H33: 4880.99 | I33: 0.2191 | J33: 5950.41 | K33: 53690.89 | L33: 65454.51
A34: 5.4 | B34: Composição | C34: SINAPI | D34: 95568 | E34: TUBO DE CONCRETO (SIMPLES) PARA REDES COLETORAS DE ÁGUAS PLUVIAIS, DIÂMETRO DE 400 MM, JUNTA RÍGIDA, INSTALADO EM LOCAL COM BAIXO NÍVEL DE INTERFERÊNCIAS - FORNECIMENTO E ASSENTAMENTO. AF_03/2024 | F34: M | G34: 88 | H34: 95.4 | I34: 0.2191 | J34: 116.3 | K34: 8395.2 | L34: 10234.4
A35: 5.5 | B35: Composição | C35: SICRO | D35: 2003870 | E35: Tubo de concreto PA2 comercial para drenagem - D = 0,50 m - fornecimento e instalação | F35: m | G35: 51 | H35: 275.27 | I35: 0.2191 | J35: 335.58 | K35: 14038.77 | L35: 17114.57
A36: 5.6 | B36: Composição | C36: SICRO | D36: 2003823 | E36: Tubo de concreto PA2 comercial para drenagem - D = 0,60 m - fornecimento e instalação | F36: m | G36: 215 | H36: 366.46 | I36: 0.2191 | J36: 446.75 | K36: 78788.9 | L36: 96051.25
A37: 5.7 | B37: Composição | C37: SICRO | D37: 4805762 | E37: Escavação mecânica de vala em material de 2ª categoria | F37: m³ | G37: 637.2 | H37: 9.83 | I37: 0.2191 | J37: 11.98 | K37: 6263.67 | L37: 7633.65
A38: 5.8 | B38: Composição | C38: SICRO | D38: 5915407 | E38: Carga, manobra e descarga de agregados ou solos em caminhão basculante de 10 m³ - carga com carregadeira de 3,40 m³ e descarga livre | F38: t | G38: 1211.32 | H38: 3.29 | I38: 0.2191 | J38: 4.01 | K38: 3985.24 | L38: 4857.39
A39: 5.9 | B39: Composição | C39: SICRO | D39: 5901639 | E39: Transporte com caminhão basculante com caçamba estanque com capacidade de 14 m³ - rodovia em leito natural | F39: tkm | G39: 1211.32 | H39: 1.04 | I39: 0.2191 | J39: 1.26 | K39: 1259.77 | L39: 1526.26
A40: 5.10 | B40: Composição | C40: SICRO | D40: 5502807 | E40: Camada drenante com conformação de trator de esteira - areia extraída | F40: m³ | G40: 63.72 | H40: 18.34 | I40: 0.2191 | J40: 22.35 | K40: 1168.62 | L40: 1424.14
A41: 5.11 | B41: Composição | C41: SICRO | D41: 4815671 | E41: Reaterro e compactação com soquete vibratório | F41: m³ | G41: 491.62 | H41: 21.55 | I41: 0.2191 | J41: 26.27 | K41: 10594.41 | L41: 12914.85
A42: 5.12 | B42: Insumo | C42: Próprio | D42: CPV-MED-002 | E42: Macadame seco | F42: m³ | G42: 491.62 | H42: 73.3 | I42: 0.15 | J42: 84.29 | K42: 36035.74 | L42: 41438.64
A43: 5.13 | B43: Composição | C43: SICRO | D43: 4413942 | E43: Espalhamento de material em bota-fora | F43: m³ | G43: 637.2 | H43: 2.76 | I43: 0.2191 | J43: 3.36 | K43: 1758.67 | L43: 2140.99
A44: 5.14 | B44: Composição | C44: SICRO | D44: 2003642 | E44: Caixa de ligação e passagem - CLP 01 - areia e brita comerciais | F44: un | G44: 7 | H44: 1699.74 | I44: 0.2191 | J44: 2072.15 | K44: 11898.18 | L44: 14505.05
A45: 5.15 | B45: Composição | C45: SICRO | D45: 2003625 | E45: Boca de lobo simples - grelha de concreto - BLSG 01 - areia extraída e brita produzida | F45: un | G45: 12 | H45: 1014.63 | I45: 0.2191 | J45: 1236.93 | K45: 12175.56 | L45: 14843.16
A46: 6 | E46: Drenos Profundos | L46: 189295.47
A47: 6.1 | B47: Composição | C47: SICRO | D47: 2003571 | E47: Dreno longitudinal profundo para corte em solo - DPS 08 - tubo de concreto perfurado e brita comercial | F47: m | G47: 449 | H47: 198.63 | I47: 0.2191 | J47: 242.14 | K47: 89184.87 | L47: 108720.86
A48: 6.2 | B48: Composição | C48: SICRO | D48: 2003591 | E48: Dreno longitudinal profundo para corte em rocha - DPR 02 - tubo PEAD e brita comercial | F48: m | G48: 284 | H48: 146.07 | I48: 0.2191 | J48: 178.07 | K48: 41483.88 | L48: 50571.88
A49: 6.3 | B49: Composição | C49: Próprio | D49: 85339 | E49: Tubo de PEAD corrugado, DN 100 mm, para drenagem. | F49: m | G49: 84 | H49: 21.56 | I49: 0.2191 | J49: 26.28 | K49: 1811.04 | L49: 2207.52
A50: 6.4 | B50: Composição | C50: SICRO | D50: 5502590 | E50: Escavação, carga e transporte de material de 2ª categoria - DMT de 1.000 a 1.200 m - caminho de serviço em leito natural - com escavadeira e caminhão basculante de 14 m³ | F50: m³ | G50: 412.35 | H50: 13.31 | I50: 0.2191 | J50: 16.22 | K50: 5488.37 | L50: 6688.31
A51: 6.5 | B51: Composição | C51: SINAPI | D51: 102354 | E51: DESMONTE DE MATERIAL DE 3ª CATEGORIA (BLOCOS DE ROCHAS OU MATACOS), COM MARTELETE PNEUMÁTICO MANUAL - EXCLUSIVE CARGA E TRANSPORTE. AF_03/2021 | F51: M3 | G51: 56.8 | H51: 177.63 | I51: 0.2191 | J51: 216.54 | K51: 10089.38 | L51: 12299.47
A52: 6.6 | B52: Composição | C52: SICRO | D52: 5915407 | E52: Carga, manobra e descarga de agregados ou solos em caminhão basculante de 10 m³ - carga com carregadeira de 3,40 m³ e descarga livre | F52: t | G52: 863.4 | H52: 3.29 | I52: 0.2191 | J52: 4.01 | K52: 2840.58 | L52: 3462.23
A53: 6.7 | B53: Composição | C53: SICRO | D53: 5901639 | E53: Transporte com caminhão basculante com caçamba estanque com capacidade de 14 m³ - rodovia em leito natural | F53: tkm | G53: 863.4 | H53: 1.04 | I53: 0.2191 | J53: 1.26 | K53: 897.93 | L53: 1087.88
A54: 6.8 | B54: Composição | C54: SICRO | D54: 5502807 | E54: Camada drenante com conformação de trator de esteira - areia extraída | F54: m³ | G54: 4.2 | H54: 18.34 | I54: 0.2191 | J54: 22.35 | K54: 77.02 | L54: 93.87
A55: 6.9 | B55: Composição | C55: SICRO | D55: 4815671 | E55: Reaterro e compactação com soquete vibratório | F55: m³ | G55: 69.92 | H55: 21.55 | I55: 0.2191 | J55: 26.27 | K55: 1506.77 | L55: 1836.79
A56: 6.10 | B56: Composição | C56: SICRO | D56: 2003921 | E56: Boca de saída para dreno longitudinal profundo - BSD 02 - tubo de PEAD - areia e brita comerciais | F56: un | G56: 7 | H56: 272.65 | I56: 0.2191 | J56: 332.38 | K56: 1908.55 | L56: 2326.66
A57: 7 | E57: Pavimentação Asfáltica | L57: 3014660.4
A58: 7.1 | B58: Composição | C58: SICRO | D58: 4011282 | E58: Base ou sub-base de macadame hidráulico com brita comercial - 100% Proctor modificado | F58: m³ | G58: 3286.4 | H58: 203.67 | I58: 0.2191 | J58: 248.29 | K58: 669341.08 | L58: 815980.25
A59: 7.2 | B59: Composição | C59: SICRO | D59: 4011276 | E59: Base ou sub-base de brita graduada com brita comercial - 100% Proctor modificado | F59: m³ | G59: 2493.25 | H59: 223.89 | I59: 0.2191 | J59: 272.94 | K59: 558213.74 | L59: 680507.65
A60: 7.3 | B60: Composição | C60: SICRO | D60: 5915407 | E60: Carga, manobra e descarga de agregados ou solos em caminhão basculante de 10 m³ - carga com carregadeira de 3,40 m³ e descarga livre | F60: t | G60: 9338.14 | H60: 3.29 | I60: 0.2191 | J60: 4.01 | K60: 30722.48 | L60: 37445.94
A61: 7.4 | B61: Composição | C61: SICRO | D61: 5901639 | E61: Transporte com caminhão basculante com caçamba estanque com capacidade de 14 m³ - rodovia em leito natural | F61: tkm | G61: 65366.98 | H61: 1.04 | I61: 0.15 | J61: 1.19 | K61: 67981.65 | L61: 77786.706
A62: 7.5 | B62: Composição | C62: SICRO | D62: 4011352 | E62: Imprimação com emulsão asfáltica | F62: m² | G62: 14458.19 | H62: 0.63 | I62: 0.2191 | J62: 0.76 | K62: 9108.65 | L62: 10988.22
A63: 7.6 | B63: Insumo | C63: Próprio | D63: 2 | E63: EMULSÃO ASFÁLTICA PARA SERVIÇO DE IMPRIMAÇÃO (ANP + 17% ICMS) | F63: t | G63: 18.8 | H63: 2942.14 | I63: 0.15 | J63: 3383.46 | K63: 55312.23 | L63: 63609.048
A64: 7.7 | B64: Composição | C64: SICRO | D64: 4011353 | E64: Pintura de ligação | F64: m² | G64: 14458.19 | H64: 0.44 | I64: 0.2191 | J64: 0.53 | K64: 6361.6 | L64: 7662.84
A65: 7.8 | B65: Insumo | C65: Próprio | D65: 12 | E65: EMULSÃO ASFÁLTICA RR-2C (ANP + 17% ICMS) | F65: t | G65: 6.51 | H65: 3317.09 | I65: 0.15 | J65: 3814.65 | K65: 21594.25 | L65: 24833.37
A66: 7.9 | B66: Composição | C66: SICRO | D66: 4011471 | E66: Concreto asfáltico com borracha - faixa C - brita comercial | F66: t | G66: 1734.98 | H66: 268.17 | I66: 0.2191 | J66: 326.92 | K66: 465269.58 | L66: 567199.66
A67: 7.10 | B67: Insumo | C67: Próprio | D67: 11 | E67: CAP MODIFICADO POR BORRACHA AB8 ANP SUL (ANP + 17% ICMS) | F67: t | G67: 104.1 | H67: 5143.81 | I67: 0.15 | J67: 5915.38 | K67: 535470.62 | L67: 615791.06
A68: 7.11 | B68: Composição | C68: SICRO | D68: 5914649 | E68: Carga, manobra e descarga de mistura betuminosa a quente em caminhão basculante de 10 m³ - carga em usina de asfalto 100/140 t/h e descarga em vibroacabadora | F68: t | G68: 1734.98 | H68: 9.09 | I68: 0.2191 | J68: 11.08 | K68: 15770.96 | L68: 19223.57
A69: 7.12 | B69: Composição | C69: SICRO | D69: 5901640 | E69: Transporte com caminhão basculante com caçamba estanque com capacidade de 14 m³ - rodovia pavimentada | F69: tkm | G69: 81544.06 | H69: 0.76 | I69: 0.2191 | J69: 0.92 | K69: 61973.48 | L69: 75020.53
A70: 7.13 | B70: Composição | C70: SICRO | D70: 5914622 | E70: Transporte de material betuminoso com caminhão tanque distribuidor - rodovia pavimentada | F70: tkm | G70: 6599.86 | H70: 2.46 | I70: 0.15 | J70: 2.82 | K70: 16235.65 | L70: 18611.605
A71: 8 | E71: Sinalização | L71: 81499.2
A72: 8.1 | B72: Composição | C72: SICRO | D72: 5213401 | E72: Pintura de faixa com tinta acrílica - espessura de 0,6 mm | F72: m² | G72: 480 | H72: 29.17 | I72: 0.2191 | J72: 35.56 | K72: 14001.6 | L72: 17068.8
A73: 8.2 | B73: Composição | C73: SICRO | D73: 5213440 | E73: Placa de regulamentação em aço D = 0,60 m - película retrorrefletiva tipo I + SI - fornecimento e implantação | F73: un | G73: 12 | H73: 285.39 | I73: 0.2191 | J73: 347.91 | K73: 3424.68 | L73: 4174.92
A74: 8.3 | B74: Composição | C74: SICRO | D74: 5213464 | E74: Placa de advertência em aço, lado de 0,60 m - película retrorrefletiva tipo I + SI - fornecimento e implantação | F74: un | G74: 17 | H74: 285.42 | I74: 0.2191 | J74: 347.95 | K74: 4852.14 | L74: 5915.15
A75: 8.4 | B75: Composição | C75: SICRO | D75: 5213863 | E75: Suporte metálico galvanizado para placa de advertência ou regulamentação - lado ou diâmetro de 0,60 m - fornecimento e implantação | F75: un | G75: 36 | H75: 495.23 | I75: 0.2191 | J75: 603.73 | K75: 17828.28 | L75: 21734.28
A76: 8.5 | B76: Composição | C76: SICRO | D76: 5213465 | E76: Placa de advertência em aço, lado de 0,80 m - película retrorrefletiva tipo I + SI - fornecimento e implantação | F76: un | G76: 0.64 | H76: 484.77 | I76: 0.2191 | J76: 590.98 | K76: 310.25 | L76: 378.22
A77: 8.6 | B77: Composição | C77: SICRO | D77: 5219606 | E77: Tacha refletiva em plástico injetado - bidirecional tipo II - com um pino - fornecimento e colocação | F77: un | G77: 600 | H77: 40.07 | I77: 0.2191 | J77: 48.84 | K77: 24042 | L77: 29304
A78: 8.7 | B78: Composição | C78: SICRO | D78: 5213476 | E78: Placa delineador em aço - 0,50 x 0,60 m - película retrorrefletiva tipo I + IV - fornecimento e implantação | F78: un | G78: 13 | H78: 184.49 | I78: 0.2191 | J78: 224.91 | K78: 2398.37 | L78: 2923.83
A79: 9 | E79: Sinalização de Obra | L79: 17712
A80: 9.1 | B80: Composição | C80: SICRO | D80: 5213848 | E80: Luz de advertência e bateria para dispositivos de sinalização - utilização de 200 ciclos - fornecimento, 01 implantação e 01 retirada diária | F80: un | G80: 600 | H80: 0.97 | I80: 0.2191 | J80: 1.18 | K80: 582 | L80: 708
A81: 9.2 | B81: Composição | C81: SICRO | D81: 5213346 | E81: Barreira de sinalização tipo III de direcionamento ou bloqueio - utilização de 150 ciclos - fornecimento, 01 implantação e 01 retirada diária | F81: un.dia | G81: 600 | H81: 8.88 | I81: 0.2191 | J81: 10.82 | K81: 5328 | L81: 6492
A82: 9.3 | B82: Composição | C82: SICRO | D82: 5212560 | E82: Placa de advertência para sinalização de obras montada em suporte metálico móvel, lado 1,00 m - utilização de 600 ciclos - fornecimento, 01 implantação e 01 retirada diária | F82: un | G82: 1200 | H82: 4.41 | I82: 0.2191 | J82: 5.37 | K82: 5292 | L82: 6444
A83: 9.4 | B83: Composição | C83: SICRO | D83: 5213835 | E83: Cone plástico para canalização de trânsito - utilização de 150 ciclos - fornecimento, 01 implantação e 01 retirada diária | F83: un | G83: 1200 | H83: 0.91 | I83: 0.2191 | J83: 1.1 | K83: 1092 | L83: 1320
A84: 9.5 | B84: Composição | C84: SICRO | D84: 5212559 | E84: Placa de regulamentação para sinalização de obras montada em suporte metálico móvel, R2 lado 1,00 m - utilização de 600 ciclos - fornecimento, 01 implantação e 01 retirada diária | F84: un | G84: 600 | H84: 3.76 | I84: 0.2191 | J84: 4.58 | K84: 2256 | L84: 2748
A85: 10 | E85: Adequações | L85: 9068.51
A86: 10.1 | B86: Composição | C86: SICRO | D86: 1600966 | E86: Remoção de cerca com mourões de concreto | F86: m | G86: 84 | H86: 0.92 | I86: 0.2191 | J86: 1.12 | K86: 77.28 | L86: 94.08
A87: 10.2 | B87: Composição | C87: SICRO | D87: 4915726 | E87: Recomposição parcial de cerca com mourão de concreto seção quadrada - mourão - areia e brita comerciais | F87: m | G87: 87.4 | H87: 27.28 | I87: 0.2191 | J87: 33.25 | K87: 2384.27 | L87: 2906.05
A88: 10.3 | B88: Composição | C88: SICRO | D88: 5502985 | E88: Limpeza mecanizada da camada vegetal | F88: m² | G88: 5949.4 | H88: 0.84 | I88: 0.2191 | J88: 1.02 | K88: 4997.49 | L88: 6068.38
J90: Total sem BDI | L90: 4015580.1
J91: Total do BDI | L91: 816853.63
J92: Total | L92: 4832433.8

Sheet MEMORIAL
A2: Obra: Estrada Geral da Liberdade
A3: Trecho: 0+0,00 - 80+0,00
A4: Cliente: Município de Benedito Novo
A5: BDI Padrão: 21,91%
A6: BDI Diferenciado: 15% | E6: Memorial de Cálculo
A7: Bancos: SICRO3: SC 4/2026 SINAPI: SC 6/2026 | E7: Revisão 01
A8: 1 | B8: SERVIÇOS INICIAIS
A9: Item | B9: Descrição | C9: Comprimento (m) | D9: Largura (m) | E9: Quantidade (und.) | H9: Área (m²) | I9: Observações
A10: 1.1 | B10: Placa de obra | C10: 2.4 | D10: 1.2 | E10: 1 | H10: 2.88 | I10: Uma placa
A11: Item | B11: Descrição | H11: Mês | I11: Observações
A12: 1.2 | B12: ADMINISTRAÇÃO LOCAL | H12: 5
A13: Item | B13: Descrição | H13: Mês | I13: Observações
A14: 1.3 | B14: CANTEIRO DE OBRAS | H14: 5
A15: 2 | B15: MOBILIZAÇÃO E DESMOBILIZAÇÃO
A16: Item | B16: Descrição | H16: Un | I16: Observações
A17: 2.1 | B17: Mobilização e desmobilização | H17: 1 | I17: Maquinário necessário na obra de pavimentação que será retirado depois de realizados todos os serviços com eles
A18: 3 | B18: TERRAPLENAGEM
A19: Item | B19: Descrição | I19: Observações
A20: 3.1 | B20: Compactação de aterros a 100% do Proctor normal | E20: Trecho (0+0,00 a 80+0,00 ) | I20: Área de Regularização
E21: Comprimento: | H21: 1600
E22: Largura: | H22: 10
E23: Área de pista: | H23: =H21*H22 -> 16000
E24: Área de alargamento | H24: 316.4
E25: Área de a estreitamento: | H25: -276.81
E26: Limpa rodas: | H26: 335
E27: Área total trecho sem reforço: | H27: =SUM(H23:H26) -> 16374.59
E28: Espessura: | H28: 0.2
E29: TOTAL (m³) | H29: =(H27)*H28 -> 3274.918
A30: Item | B30: Descrição | H30: Volume (m³) | I30: Observações
A31: 3.2 | B31: Escavação, carga e transporte de material de 2ª categoria - DMT de 1.000 a 1.200 m - caminho de serviço em leito natural - com escavadeira e caminhão basculante de 14 m³ | H31: =5560.91-H46 -> 3450.8 | I31: Volume de corte acumulado
A32: Item | B32: Descrição | H32: Volume (m³) | I32: Observações
A33: 3.3 | B33: Compactação de aterros a 100% do Proctor intermediário | H33: 4952.44 | I33: Volume de aterro acumulado
A34: Item | B34: Descrição | F34: Volume por metro (m³/m) | G34: Trecho total (m) | H34: Volume (m³) | I34: Observações
A35: 3.4 | B35: ARGILA OU BARRO PARA ATERRO/REATERRO (COM TRANSPORTE ATE 10 KM) | E35: Volume de solo não adequeada do corte | F35: 0.5 | G35: 2600 | H35: =F35*G35 -> 1300 | I35: Solo para a realização do aterro
E36: Volume do corte adequado | H36: =H31-H35 -> 2150.8
E37: Volume de aterro total | H37: =H33 -> 4952.44
H38: =H37-H36 -> 2801.64
A39: Item | B39: Descrição | I39: Observações
A40: 3.5 | B40: Carga, manobra e descarga de agregados ou solos em caminhão basculante de 10 m³ - carga com carregadeira de 3,40 m³ e descarga livre | E40: Volume Corte (m³): | I40: Transporte de Material Necessário
F41: Materiais | G41: Peso especifico (t/m³) | H41: Volume de carga (t)
D42: Material Excedente | E42: =H35 -> 1300 | F42: 2° cartegoria | G42: 1.91 | H42: =ROUND(E42*G42,2) -> 2483 | I42: Item 3.4
D43: Material Excedente | E43: =$H$46 -> 2110.11 | F43: Rocha | G43: 1.4 | H43: =ROUND(E43*G43,2) -> 2954.15 | I43: Item 3.6
E44: TOTAL (m³) | H44: =SUM(H42:H43) -> 5437.15
A45: Item | B45: Descrição | H45: Volume (m³) | I45: Observações
A46: 3.6 | B46: DESMONTE DE MATERIAL DE 3ª CATEGORIA (BLOCOS DE ROCHAS OU MATACOS), COM MARTELETE PNEUMÁTICO MANUAL - EXCLUSIVE CARGA E TRANSPORTE. AF_03/2021 | H46: 2110.11 | I46: Volume de desmonte em locais de corte com presença de rocha (estaca 53+0,00 á 67+0,00)
A47: Item | B47: Descrição | I47: Observações
A48: 3.7 | B48: Transporte com caminhão basculante com caçamba estanque com capacidade de 14 m³ - rodovia em leito natural | I48: Transporte de Material Necessário
E49: Materiais | F49: Volume de carga (t) | G49: Distância (km) | H49: Total transporte (txkm)
E50: 2° cartegoria | F50: =H42 -> 2483 | G50: 1 | H50: =ROUND(F50*G50,2) -> 2483 | I50: Item 3.4
E51: Rocha | F51: =H43 -> 2954.15 | G51: 1 | H51: =ROUND(F51*G51,2) -> 2954.15 | I51: Item 3.6
F52: TOTAL (txkm) | H52: =SUM(H50:H51) -> 5437.15
A53: Item | B53: Descrição | I53: Observações
A54: 3.8 | B54: Espalhamento de material em bota-fora | H54: Volume Corte para bota-fora (m³): | I54: Espalhamento do material no bota-fora
G55: Materiais
G56: 2° cartegoria | H56: =E42 -> 1300
G57: Rocha | H57: =$H$46 -> 2110.11
G58: TOTAL (m³) | H58: =SUM(H56:H57) -> 3410.11
A59: 4 | B59: PROTEÇÃO DE TALUDES
A60: Item | B60: Descrição | I60: Observações
A61: 4.1 | B61: Sarjeta triangular de concreto - STC 150-32 - escavação mecânica - areia e brita comerciais | E61: Valeta de proteção de taludes de Cortes
E62: Comprimento Topos | H62: 421
E63: TOTAL (m) | H63: =SUM(H62:H62) -> 421
A64: Item | B64: Descrição | I64: Observações
A65: 4.2 | B65: Descida d'água de cortes em degraus - DCD 40-40 - areia e brita comerciais | E65: Comprimento | H65: 122 | I65: Apesar da escada estar na lateral direita da via a inclinação existente é compatível com a Escada de Corte.
E66: TOTAL (m) | H66: =H65 -> 122
A67: Item | B67: Descrição | I67: Observações
A68: 4.3 | B68: Dissipador de energia - DED 01 B - areia e brita comerciais | E68: Qtde Dissipadores | H68: 11 | I68: Deságues em solo natural
E69: TOTAL (m) | H69: =H68 -> 11
A70: Item | B70: Descrição | I70: Observações
A71: 4.4 | B71: Hidrossemeadura | E71: Área | H71: 2106.74 | I71: Serviço de hidrossemeadura nos taludes de corte
E72: TOTAL (m²) | H72: =H71 -> 2106.74
A73: 5 | B73: DRENAGEM
A74: Item | B74: Descrição | I74: Observações
A75: 5.1 | B75: Sarjeta trapezoidal de concreto - SZC 60-20 - escavação mecânica - areia e brita comerciais | E75: Comprimento | H75: =1600-136.18 -> 1463.82 | I75: Sarjeta trapezoidal para lateral de Cortes
E76: Total | H76: =H75 -> 1463.82
A77: Item | B77: Descrição | I77: Observações
A78: 5.2 | B78: TRANSPOSIÇÃO DE SARJETA | E78: Comprimento | H78: 106.97 | I78: Transposição da sarjeta para entrada de ruas e residências
E79: Total | H79: =H78 -> 106.97
A80: Item | B80: Descrição | I80: Observações
A81: 5.3 | B81: Caixa coletora de sarjeta - CCS 200-60 A - com grelha de concreto - areia e brita comerciais | E81: Quantidade | H81: 11 | I81: Caixas para coleta da agua das sarjetas e entrada no tubo de travessia
E82: Total | H82: =H81 -> 11
A83: Item | B83: Descrição | I83: Observações
A84: 5.4 | B84: TUBO DE CONCRETO (SIMPLES) PARA REDES COLETORAS DE ÁGUAS PLUVIAIS, DIÂMETRO DE 400 MM, JUNTA RÍGIDA, INSTALADO EM LOCAL COM BAIXO NÍVEL DE INTERFERÊNCIAS - FORNECIMENTO E ASSENTAMENTO. AF_03/2024 | E84: Quantidade | H84: 88 | I84: Tubulação D40
E85: Total | H85: =H84 -> 88
A86: Item | B86: Descrição | I86: Observações
A87: 5.5 | B87: Tubo de concreto PA2 comercial para drenagem - D = 0,50 m - fornecimento e instalação | E87: Quantidade | H87: 51 | I87: Tubulação D50
E88: Total | H88: =H87 -> 51
A89: Item | B89: Descrição | I89: Observações
A90: 5.6 | B90: Tubo de concreto PA2 comercial para drenagem - D = 0,60 m - fornecimento e instalação | E90: Quantidade | H90: 215 | I90: Tubulação D60
E91: Total | H91: =H90 -> 215
A92: Item | B92: Descrição | I92: Observações
A93: 5.7 | B93: Escavação mecânica de vala em material de 2ª categoria | I93: Escavação para tubulação até 2,0 m
E94: Largura | H94: 0.9
E95: Profundidade | H95: Variável
E96: Total | H96: =(H91+H88+H85)*H94*2 -> 637.2
A97: Item | B97: Descrição | I97: Observações
A98: 5.8 | B98: Carga, manobra e descarga de agregados ou solos em caminhão basculante de 10 m³ - carga com carregadeira de 3,40 m³ e descarga livre | E98: Volume Corte para bota-fora (m³): | I98: Transporte de Material Necessário
F99: Materiais | G99: Peso especifico (t/m³) | H99: Volume de carga (t)
E100: =H96 -> 637.2 | F100: 2ª Categoria | G100: 1.901 | H100: =ROUND(E100*G100,2) -> 1211.32 | I100: Item 5.7
E101: TOTAL (m³) | H101: =SUM(H100:H100) -> 1211.32
...

Sheet ABC
A2: Obra: Estrada Geral da Liberdade
A3: Trecho: 0+0,00 - 80+0,00
A4: Cliente: Município de Benedito Novo
A5: BDI Padrão: 21,91%
A6: BDI Diferenciado: 15% | D6: Curva ABC
A7: Bancos: SICRO3: SC 4/20256 SINAPI: SC 6/2026 | D7: Revisão 01
A10: Seq. | B10: Banco | C10: Código | D10: Descrição | E10: Tipo | F10: Unidade | G10: Qtd. | H10: Preço com BDI | I10: Total com BDI | J10: % | K10: % Acumulada | L10: Classe
A11: 1 | B11: SICRO | C11: 4011282 | D11: Base ou sub-base de macadame hidráulico com brita comercial - 100% Proctor modificado | E11: CLASSE SICRO3 | F11: m³ | G11: 3286.4 | H11: 248.29 | I11: 815980.26 | J11: 0.16885493 | K11: 0.16885493 | L11: A
A12: 2 | B12: SICRO | C12: 4011276 | D12: Base ou sub-base de brita graduada com brita comercial - 100% Proctor modificado | E12: CLASSE SICRO3 | F12: m³ | G12: 2493.25 | H12: 272.94 | I12: 680507.66 | J12: 0.1408209 | K12: 0.30967582 | L12: A
A13: 3 | B13: Próprio | C13: 11 | D13: CAP MODIFICADO POR BORRACHA AB8 ANP SUL | E13: ASSENTAMENTO DE TUBOS E PECAS | F13: t | G13: 104.1 | H13: 5915.38 | I13: 615791.06 | J13: 0.12742876 | K13: 0.43710458 | L13: A
A14: 4 | B14: SICRO | C14: 4011471 | D14: Concreto asfáltico com borracha - faixa C - brita comercial | E14: CLASSE SICRO3 | F14: t | G14: 1734.98 | H14: 326.92 | I14: 567199.66 | J14: 0.1173735 | K14: 0.55447808 | L14: A
A15: 5 | B15: SINAPI | C15: 102354 | D15: DESMONTE DE MATERIAL DE 3ª CATEGORIA (BLOCOS DE ROCHAS OU MATACOS), COM MARTELETE PNEUMÁTICO MANUAL - EXCLUSIVE CARGA E TRANSPORTE. AF_03/2021 | E15: MOVIMENTO DE TERRA | F15: M3 | G15: 2166.91 | H15: 216.54 | I15: 469222.69 | J15: 0.097098628 | K15: 0.65157671 | L15: A
A16: 6 | B16: SINAPI | C16: 6081 | D16: ARGILA OU BARRO PARA ATERRO/REATERRO (COM TRANSPORTE ATE 10 KM) | E16: ASSENTAMENTO DE TUBOS E PECAS | F16: M3 | G16: 2801.64 | H16: 64.21 | I16: 179893.3 | J16: 0.037226232 | K16: 0.68880294 | L16: A
A17: 7 | B17: SICRO | C17: 2003571 | D17: Dreno longitudinal profundo para corte em solo - DPS 08 - tubo de concreto perfurado e brita comercial | E17: CLASSE SICRO3 | F17: m | G17: 449 | H17: 242.14 | I17: 108720.86 | J17: 0.022498158 | K17: 0.7113011 | L17: A
A18: 8 | B18: SICRO | C18: 2003345 | D18: Sarjeta trapezoidal de concreto - SZC 60-20 - escavação mecânica - areia e brita comerciais | E18: CLASSE SICRO3 | F18: m | G18: 1463.82 | H18: 72.08 | I18: 105512.15 | J18: 0.021834162 | K18: 0.73313526 | L18: A
A19: 9 | B19: SICRO | C19: 2003823 | D19: Tubo de concreto PA2 comercial para drenagem - D = 0,60 m - fornecimento e instalação | E19: CLASSE SICRO3 | F19: m | G19: 215 | H19: 446.75 | I19: 96051.25 | J19: 0.019876372 | K19: 0.75301163 | L19: A
A20: 10 | B20: SICRO | C20: 2003171 | D20: Descida d'água de cortes em degraus - DCD 40-40 - areia e brita comerciais | E20: - | F20: m | G20: 122 | H20: 759.46 | I20: 92654.12 | J20: 0.019173386 | K20: 0.77218502 | L20: A
A21: 11 | B21: SICRO | C21: 5901639 | D21: Transporte com caminhão basculante com caçamba estanque com capacidade de 14 m³ - rodovia em leito natural | E21: - | F21: tkm | G21: 72878.85 | H21: 1.26 | I21: 91827.351 | J21: 0.019002299 | K21: 0.79118732 | L21: A
A22: 12 | B22: Próprio | C22: 831 | D22: ADMINISTRAÇÃO LOCAL | E22: - | F22: MÊS | G22: 5 | H22: 16603.36 | I22: 83016.8 | J22: 0.017179087 | K22: 0.8083664 | L22: A
... A31: 21 | B31: SICRO | C31: 5503041 | D31: Compactação de aterros a 100% do Proctor intermediário | E31: CLASSE SICRO3 | F31: m³ | G31: 4952.44 | H31: 8.98 | I31: 44472.911 | J31: 0.0092030045 | K31: 0.91715137 | L31: B
A32: 22 | B32: Próprio | C32: CPV-MED-002 | D32: Macadame seco | E32: ASSENTAMENTO DE TUBOS E PECAS | F32: m³ | G32: 491.62 | H32: 84.29 | I32: 41438.65 | J32: 0.0085751077 | K32: 0.92572648 | L32: B
A33: 23 | B33: SICRO | C33: 5219606 | D33: Tacha refletiva em plástico injetado - bidirecional tipo II - com um pino - fornecimento e colocação | E33: - | F33: un | G33: 600 | H33: 48.84 | I33: 29304 | J33: 0.0060640252 | K33: 0.93179051 | L33: B
A34: 24 | B34: SICRO | C34: 5502978 | D34: Compactação de aterros a 100% do Proctor normal | E34: CLASSE SICRO3 | F34: m³ | G34: 3274.92 | H34: 7.76 | I34: 25413.379 | J34: 0.0052589174 | K34: 0.93704942 | L34: B
A35: 25 | B35: Próprio | C35: 12 | D35: EMULSÃO ASFÁLTICA RR-2C | E35: ASSENTAMENTO DE TUBOS E PECAS | F35: t | G35: 6.51 | H35: 3814.65 | I35: 24833.372 | J35: 0.005138895 | K35: 0.94218832 | L35: B
A36: 26 | B36: SICRO | C36: 5213863 | D36: Suporte metálico galvanizado para placa de advertência ou regulamentação - lado ou diâmetro de 0,60 m - fornecimento e implantação | E36: CLASSE SICRO3 | F36: un | G36: 36 | H36: 603.73 | I36: 21734.28 | J36: 0.0044975847 | K36: 0.9466859 | L36: B
A37: 27 | B37: SICRO | C37: 5914649 | D37: Carga, manobra e descarga de mistura betuminosa a quente em caminhão basculante de 10 m³ - carga em usina de asfalto 100/140 t/h e descarga em vibroacabadora | E37: CLASSE SICRO3 | F37: t | G37: 1734.98 | H37: 11.08 | I37: 19223.578 | J37: 0.0039780307 | K37: 0.95066393 | L37: B
A38: 28 | B38: SICRO | C38: 5914622 | D38: Transporte de material betuminoso com caminhão tanque distribuidor - rodovia pavimentada | E38: CLASSE SICRO3 | F38: tkm | G38: 6599.86 | H38: 2.82 | I38: 18611.605 | J38: 0.0038513927 | K38: 0.95451533 | L38: C
A39: 29 | B39: SICRO | C39: 2003870 | D39: Tubo de concreto PA2 comercial para drenagem - D = 0,50 m - fornecimento e instalação | E39: CLASSE SICRO3 | F39: m | G39: 51 | H39: 335.58 | I39: 17114.58 | J39: 0.0035416047 | K39: 0.95805693 | L39: C
A40: 30 | B40: SICRO | C40: 4413905 | D40: Hidrossemeadura | E40: CLASSE SICRO3 | F40: m² | G40: 2106.74 | H40: 8.11 | I40: 17085.661 | J40: 0.0035356222 | K40: 0.96159255 | L40: C
A41: 31 | B41: SICRO | C41: 5213401 | D41: Pintura de faixa com tinta acrílica - espessura de 0,6 mm | E41: CLASSE SICRO3 | F41: m² | G41: 480 | H41: 35.56 | I41: 17068.8 | J41: 0.0035321332 | K41: 0.96512469 | L41: C
A42: 32 | B42: Próprio | C42: 85341 | D42: CANTEIRO DE OBRAS | E42: CANTEIRO DE OBRAS | F42: Mês | G42: 5 | H42: 3377.89 | I42: 16889.45 | J42: 0.0034950194 | K42: 0.96861971 | L42: C
A43: 33 | B43: SICRO | C43: 2003625 | D43: Boca de lobo simples - grelha de concreto - BLSG 01 - areia extraída e brita produzida | E43: CLASSE SICRO3 | F43: un | G43: 12 | H43: 1236.93 | I43: 14843.16 | J43: 0.0030715703 | K43: 0.97169128 | L43: C
A44: 34 | B44: SICRO | C44: 4815671 | D44: Reaterro e compactação com soquete vibratório | E44: - | F44: m³ | G44: 561.54 | H44: 26.27 | I44: 14751.656 | J44: 0.0030526337 | K44: 0.97474391 | L44: C
... A68: 58 | B68: SICRO | C68: 1600966 | D68: Remoção de cerca com mourões de concreto | E68: CLASSE SICRO3 | F68: m | G68: 84 | H68: 1.12 | I68: 94.08 | J68: 1.9468451e-05 | K68: 1.0009469 | L68: C
I70: =SINTÉTICO!J90 -> Total sem BDI | K70: =SINTÉTICO!L90 -> 4015580.1
I71: =SINTÉTICO!J91 -> Total do BDI | K71: =SINTÉTICO!L91 -> 816853.63
I72: =SINTÉTICO!J92 -> Total | K72: =SINTÉTICO!L92 -> 4832433.8

Sheet CRONOGRAMA
A2: Obra: Estrada Geral da Liberdade
A3: Trecho: 0+0,00 - 80+0,00
A4: Cliente: Município de Benedito Novo
A5: BDI Padrão: 21,91%
A6: BDI Diferenciado: 15% | D6: Cronograma Físico-Financeiro
A7: Bancos: SICRO3: SC 4/20256 SINAPI: SC 6/2026 | D7: Revisão 01
A9: Item | B9: Descrição | C9: Total | D9: 1º mês | E9: 2º mês | F9: 3º mês | G9: 4º mês | H9: 5º mês
A10: 1 | B10: Serviços Preliminares | C10: 100,00% 100.175,84 | D10: 46,68% R$46.762,08 | E10: 13,33% R$13.353,44 | F10: 13,33% R$13.353,44 | G10: 13,33% R$13.353,44 | H10: 13,33% R$13.353,44
A11: 2 | B11: MOBILIZAÇÃO E DESMOBILIZAÇÃO | C11: 100,00% 6.384,18 | D11: 50,00% R$3.192,09 | E11: - | F11: - | G11: - | H11: 50,00% R$3.192,09
A12: 3 | B12: Terraplenagem | C12: 100,00% 802.786,49 | D12: 60,00% R$481.671,89 | E12: 30,00% R$240.835,95 | F12: 10,00% R$80.278,65 | G12: - | H12: -
A13: 4 | B13: Proteção de Taludes | C13: 100,00% 164.275,46 | D13: 50,00% R$82.137,73 | E13: 30,00% R$49.282,64 | F13: 20,00% R$32.855,09 | G13: - | H13: -
A14: 5 | B14: Drenagem | C14: 100,00% 446.576,21 | D14: 20,00% R$89.315,24 | E14: 40,00% R$178.630,48 | F14: 40,00% R$178.630,48 | G14: - | H14: -
A15: 6 | B15: Drenos Profundos | C15: 100,00% 189.295,47 | D15: - | E15: 50,00% R$94.647,74 | F15: 40,00% R$75.718,19 | G15: 10,00% R$18.929,55 | H15: -
A16: 7 | B16: Pavimentação Asfáltica | C16: 100,00% 3.014.660,42 | D16: - | E16: 30,00% R$904.398,13 | F16: 30,00% R$904.398,13 | G16: 40,00% R$1.205.864,17 | H16: -
A17: 8 | B17: Sinalização | C17: 100,00% 81.499,20 | D17: - | E17: - | F17: - | G17: - | H17: 100,00% R$81.499,20
A18: 9 | B18: Sinalização de Obra | C18: 100,00% 17.712,00 | D18: 20,00% R$3.542,40 | E18: 20,00% R$3.542,40 | F18: 20,00% R$3.542,40 | G18: 20,00% R$3.542,40 | H18: 20,00% R$3.542,40
A19: 10 | B19: Adequações | C19: 100,00% 9.068,51 | D19: 87,50% R$7.934,95 | E19: 12,50% R$1.133,56 | F19: - | G19: - | H19: -
B21: Porcentagem do período Total do período | C21: 100,00% R$4.832.433,77 | D21: 14,79% R$714.556,38 | E21: 30,75% R$1.485.824,33 | F21: 26,67% R$1.288.776,38 | G21: 25,69% R$1.241.689,55 | H21: 2,10% R$101.587,13
B22: Porcentagem acumulada Total acumulado | D22: 14,79% R$714.556,38 | E22: 45,53% R$2.200.380,72 | F22: 72,20% R$3.489.157,10 | G22: 97,90% R$4.730.846,65 | H22: 100,00% R$4.832.433,78
B24: Total sem BDI | C24: 4015580.1
B25: Total do BDI | C25: 816853.63
B26: Total | C26: 4832433.8
